 Dungeon Crawl Stone Soup version 0.21.1-1-g345015fe64 (webtiles) character file.

1084 Henning the Shield-Bearer (level 8, -1/71 HPs)
             Began as a Minotaur Fighter on June 20, 2018.
             Was an Initiate of Trog.
             Slain by Prince Ribbit (12 damage)
             ... on level 6 of the Dungeon.
             The game lasted 00:08:24 (3424 turns).

Henning the Shield-Bearer (Minotaur Fighter)        Turns: 3424, Time: 00:08:25

Health: -1/71      AC:  7    Str: 20    XL:     8   Next: 8%
Magic:  7/7        EV:  8    Int:  3    God:    Trog [......]
Gold:   146        SH: 10    Dex: 13    Spells: 7/7 levels left

rFire    . . .     SeeInvis .   n - +0 hand axe (chop)
rCold    . . .     Gourm    .   c - +0 shield
rNeg     . . .     Faith    .   b - +0 scale mail
rPois    .         Spirit   .   (helmet restricted)
rElec    .         Reflect  .   (no cloak)
rCorr    .         Harm     .   (no gloves)
MR       .....                  (no boots)
Stlth    ..........             (no amulet)
HPRegen  0.21/turn              o - -2 ring of intelligence (curse)
MPRegen  0.10/turn              (no ring)

@: no status effects
A: retaliatory headbutt, horns 2
a: Burn Spellbooks, Renounce Religion


You were on level 6 of the Dungeon.
You worshipped Trog.
Trog was noncommittal.
You were near starving.

You visited 2 branches of the dungeon, and saw 7 of its levels.

You collected 146 gold pieces.

Inventory:

Hand Weapons
 a - a +0 war axe
 n - a +0 hand axe of chopping (weapon)
 u - a +0 hand axe of venom
Armour
 b - a +0 scale mail (worn)
 c - a +0 shield (worn)
Jewellery
 o - a cursed -2 ring of intelligence (left hand)
Wands
 t - a wand of scattershot (2)
Scrolls
 e - 3 scrolls of blinking {unknown}
 h - 9 scrolls of identify {unknown}
 i - a scroll of noise {unknown}
 m - a scroll of enchant weapon {unknown}
 q - 3 scrolls of teleportation {unknown}
Potions
 d - 3 potions of might
 j - 2 potions of brilliance {unknown}
 k - 3 potions of degeneration {unknown}
 l - a potion of cancellation {unknown}
 p - 2 potions of flight {unknown}
 r - a potion of agility {unknown}
 s - a potion of heal wounds {unknown}
Comestibles
 f - 9 rations
 g - a chunk of flesh


   Skills:
 + Level 6.7 Fighting
 + Level 5.9 Axes
 + Level 6.7 Armour
 + Level 1.1 Dodging
 + Level 6.7 Shields


You had 7 spell levels left.
You didn't know any spells.

Dungeon Overview and Level Annotations

Branches:
Dungeon (6/15)             Temple (1/1) D:5

Altars:
Ashenzari
Dithmenos
Elyvilon
Fedhas
Gozag
Hepliaklqana
Kikubaaqudgha
Makhleb
Nemelex Xobeh
Okawaru
Ru
Sif Muna
Trog
Uskayaw
Vehumet
Xom
Zin
The Shining One

Annotations:
D:5 Sigmund
D:6 Prince Ribbit


Innate Abilities, Weirdness & Mutations

You reflexively headbutt those who attack you in melee.
You have a pair of horns on your head.


Message History

The centaur is almost dead.
The centaur hits you.
* * * LOW HITPOINT WARNING * * *
The centaur hits you!
* * * LOW HITPOINT WARNING * * *
Your shield and scale mail prevent you from hitting the centaur.
The centaur is almost dead.
You block the centaur's attack.
You hit the centaur.
You kill the centaur!
Trog accepts your kill.
Your Dodging skill increases to level 1!
Prince Ribbit completely misses you.
You see here an arrow.
You see here an arrow.
Prince Ribbit blinks!
Prince Ribbit blinks!
You block Prince Ribbit's attack. Prince Ribbit hits you!
You die...

#.# ### #.# #..
#.# #.# #.# #.#
#.# #.# #.# #.#
#.# ##+####.# #@#
...c.((<# #F#
....###(########.#
.... #.).((.....#
.... ############
.... .... ....
....


You could see Prince Ribbit.

Vanquished Creatures
  A sky beast (D:4)
  2 phantoms
  An ogre (D:4)
  A centaur (D:6)
  The ghost of P0WERM0DE the Grave Robber, an amateur OpNe of Xom (D:5)
  Blork the orc (D:5)
  3 howler monkeys (D:4)
  A hound (D:4)
  2 orc wizards (D:5)
  2 orc priests (D:5)
  An iguana (D:5)
  2 worker ants (D:4)
  8 adders
  A worm (D:2)
  A dart slug (D:1)
  4 leopard geckos
  16 orcs
  4 giant cockroaches
  6 goblins
  8 hobgoblins (D:1)
  9 jackals
  A quokka (D:2)
  A ball python (D:4)
  A ball python skeleton (D:4)
  5 bats
  2 frilled lizards (D:2)
  7 kobolds
  9 rats
101 creatures vanquished.

Notes
Turn   | Place    | Note
-------+----------+-------------------------------------------
     0 | D:1      | Henning the Minotaur Fighter began the quest for the Orb.
     0 | D:1      | Reached XP level 1. HP: 19/19 MP: 0/0
    38 | D:1      | Reached XP level 2. HP: 25/27 MP: 1/1
   288 | D:1      | Reached XP level 3. HP: 33/33 MP: 2/2
   570 | D:2      | Found a shimmering altar of Xom.
   848 | D:2      | Found a blossoming altar of Fedhas.
   951 | D:3      | Reached XP level 4. HP: 41/41 MP: 3/3
  1385 | D:4      | Noticed an ogre
  1387 | D:4      | Noticed a phantom
  1391 | D:4      | Killed an ogre
  1391 | D:4      | Reached XP level 5. HP: 33/47 MP: 4/4
  1406 | D:4      | Killed a phantom
  1406 | D:4      | Reached skill level 5 in Fighting
  1406 | D:4      | Reached skill level 5 in Armour
  1406 | D:4      | Reached skill level 5 in Shields
  1561 | D:4      | Found a burning altar of Makhleb.
  1563 | D:4      | Noticed a green death
  1629 | D:4      | Reached XP level 6. HP: 53/56 MP: 5/5
  1992 | D:4      | Found an ancient bone altar of Kikubaaqudgha.
  2065 | D:4      | Noticed a sky beast
  2073 | D:4      | Killed a sky beast
  2073 | D:4      | Reached XP level 7. HP: 62/62 MP: 6/6
  2216 | D:5      | Entered Level 5 of the Dungeon
  2228 | D:5      | Reached skill level 5 in Axes
  2311 | D:5      | Noticed Blork the orc
  2322 | D:5      | Killed Blork the orc
  2350 | D:5      | Noticed P0WERM0DE's ghost (amateur OpNe)
  2351 | D:5      | Noticed Sigmund
  2713 | D:5      | Found a staircase to the Ecumenical Temple.
  2747 | Temple   | Entered the Ecumenical Temple
  2792 | Temple   | Became a worshipper of Trog the Wrathful
  3108 | D:5      | Killed P0WERM0DE's ghost
  3108 | D:5      | Reached XP level 8. HP: 18/71 MP: 7/7
  3393 | D:6      | Noticed Prince Ribbit
  3415 | D:6      | Reached skill level 1 in Dodging
  3424 | D:6      | Slain by Prince Ribbit

Skill      XL: |  1  2  3  4  5  6  7  8 |
---------------+-------------------------+-----
Shields        | 4 5 6 |  6.7
Armour         | 4 5 6 |  6.7
Fighting       | 4 5 6 |  6.7
Axes           | 3 4 5 |  5.9
Dodging        | 1 |  1.1

Action                   |  1- 3 |  4- 6 |  7- 9 || total
-------------------------+-------+-------+-------++-------
Melee: War axe           |   114 |       |       ||   114
       Headbutt          |    12 |    19 |    30 ||    61
       Hand axe          |     5 |    91 |   128 ||   224
  Eat: Chunk             |       |     4 |     3 ||     7
Armor: Scale mail        |    55 |    27 |    57 ||   139
Dodge: Dodged            |    39 |    20 |    46 ||   105
Block: Shield            |    67 |    36 |    81 ||   184
